 Dungeon Crawl Stone Soup version 0.29-a0-369-gd956c00756 (webtiles) character file.

Game seed: 15841863707372570937

193642 Antichthon the Peltast (level 18, -7/116 HPs)
             Began as a Gargoyle Fighter on May 2, 2022.
             Was the Champion of the Shining One.
             Killed from afar by Ilsuiw (47 damage)
             ... with a shard of ice
             ... on level 2 of the Shoals.
             The game lasted 01:20:50 (47121 turns).

Antichthon the Peltast (Gargoyle Fighter)          Turns: 47121, Time: 01:20:51

Health: -7/116     AC: 40    Str: 23    XL:     18   Next: 27%
Magic:  26/26      EV:  8    Int: 14    God:    the Shining One [******]
Gold:   2222       SH: 23    Dex:  9    Spells: 17/17 levels left

rFire   + . .      SeeInvis .   a - +0 morningstar
rCold   + . .      Faith    .   x - +0 tower shield
rNeg    + + +      Spirit   .   R - +2 plate armour {Will+}
rPois   ∞          Reflect  +   w - +2 helmet
rElec   +          Harm     .   J - scarf {rC+ rF+}
rCorr   .          Rampage  .   O - +0 pair of gloves {hurl}
Will    +++..                   E - +2 pair of boots
Stlth   ..........              D - amulet of reflection
HPRegen 0.29/turn               f - +4 ring of slaying
MPRegen 0.20/turn               g - ring of willpower

@: engulfed, flying, glowing
A: sickness immunity, AC +13, big wings, negative energy resistance 1,
electricity resistance, torment resistance 1, petrification resistance
}: 1/15 runes: gossamer
a: Renounce Religion, Divine Shield, Cleansing Flame, Summon Divine Warrior,
Brand Weapon With Holy Wrath


You were on level 2 of the Shoals.
You worshipped the Shining One.
The Shining One was exalted by your worship.
You visited 6 branches of the dungeon, and saw 29 of its levels.
You also visited: Volcano.

You collected 3220 gold pieces.
You spent 998 gold pieces at shops.

Inventory:

Hand Weapons
 a - a +0 morningstar (weapon)
Missiles
 Q - a silver javelin (quivered)
Armour
 w - a +2 helmet (worn)
 x - a +0 tower shield (worn)
 E - a +2 pair of boots (worn)
 J - a scarf of resistance (worn)
 O - a +0 pair of gloves of hurling (worn)
 R - a +2 plate armour of willpower (worn)
Jewellery
 f - a +4 ring of slaying (left hand)
 g - a ring of willpower (right hand)
 D - an amulet of reflection (around neck)
Wands
 b - a wand of paralysis (12)
 p - a wand of iceblast (4)
 v - a wand of charming (9)
 B - a wand of polymorph (23)
 F - a wand of acid (4)
 G - a wand of flame (35)
 N - a wand of mindburst (1)
Scrolls
 c - 4 scrolls of fog
 k - 5 scrolls of fear
 l - 6 scrolls of teleportation
 m - 9 scrolls of amnesia
 r - 13 scrolls of identify
 u - 4 scrolls of summoning
 y - 8 scrolls of immolation
 z - 3 scrolls of vulnerability
 A - 5 scrolls of enchant armour
 H - 3 scrolls of magic mapping
 I - a scroll of silence
 K - 2 scrolls of enchant weapon
 L - 4 scrolls of holy word
 M - a scroll of brand weapon
Potions
 d - 11 potions of might
 e - 5 potions of attraction
 h - a potion of haste
 i - 8 potions of lignification
 j - 6 potions of resistance
 n - 3 potions of magic
 o - 4 potions of ambrosia
 q - 6 potions of curing
 s - a potion of cancellation
 t - a potion of brilliance
 C - 5 potions of mutation
 P - 3 potions of berserk rage


   Skills:
 * Level 14.1 Fighting
 * Level 16.6 Maces & Flails
 * Level 4.7 Throwing
 * Level 13.7 Armour
 * Level 8.7 Dodging
 * Level 17.4 Shields
 * Level 11.6 Invocations


You had 17 spell levels left.
You didn't know any spells.
Your spell library contained the following spells:

 Spells                   Type           Power      Damage    Failure   Level
 Apportation              Tloc           0%         N/A       100%        1
 Magic Dart               Conj           0%         1d3       100%        1
 Sandblast                Erth           0%         2d4       100%        1
 Blink                    Tloc           0%         N/A       100%        2
 Passwall                 Tmut/Erth      0%         N/A       100%        2
 Wereblood                Tmut           0%         N/A       100%        2
 Conjure Flame            Conj/Fire      0%         6-21      100%        3
 Dazzling Flash           Conj/Hex       0%         N/A       100%        3
 Frozen Ramparts          Ice            0%         1d2       100%        3
 Gell's Gravitas          Tloc           0%         N/A       100%        3
 Ignite Poison            Fire/Tmut/Pois 0%         N/A       100%        3
 Lesser Beckoning         Tloc           0%         N/A       100%        3
 Mephitic Cloud           Conj/Pois/Air  0%         N/A       100%        3
 Stone Arrow              Conj/Erth      0%         3d7       100%        3
 Teleport Other           Tloc           0%         N/A       100%        3
 Animate Armour           Summ/Erth      0%         N/A       100%        4
 Fulminant Prism          Conj/Hex       0%         3d6       100%        4
 Ice Form                 Ice/Tmut       0%         N/A       100%        4
 Iskenderun's Mystic Bla  Conj/Tloc      0%         2d3       100%        4
 Sticky Flame             Conj/Fire      0%         2d3       100%        4
 Summon Ice Beast         Ice/Summ       0%         N/A       100%        4
 Agony                    Necr           0%         N/A       100%        5
 Alistair's Intoxication  Tmut/Pois      0%         N/A       100%        5
 Lee's Rapid Deconstruct  Erth           0%         3d5*      100%        5
 Manifold Assault         Tloc           0%         N/A       100%        5
 Silence                  Hex/Air        0%         N/A       100%        5
 Summon Forest            Summ/Tloc      0%         N/A       100%        5
 Summon Mana Viper        Hex/Summ       0%         N/A       100%        5
 Conjure Ball Lightning   Conj/Air       0%         3x3d6     100%        6
 Summon Cactus Giant      Summ           0%         N/A       100%        6
 Storm Form               Tmut/Air       0%         N/A       100%        7
 Summon Hydra             Summ           0%         N/A       100%        7
 Discord                  Hex            0%         N/A       100%        8
 Disjunction              Tloc           0%         N/A       100%        8
 Lehudib's Crystal Spear  Conj/Erth      0%         10d2      100%        8
 Maxwell's Capacitive Co  Air            0%         ∞         100%        8
 Sublimation of Blood     Necr           Unusable   N/A       N/A         2

Dungeon Overview and Level Annotations

Branches:
Dungeon (14/15)            Temple (1/1) D:6            Lair (6/6) D:8
 Shoals (2/4) Lair:2       Spider (4/4) Lair:3        Slime (0/5) Lair:5
    Orc (2/2) D:10            Elf (0/3) Orc:2        Vaults (0/5) D:13
Volcano (visited)

Altars:
Cheibriados
Dithmenos
Fedhas
Gozag
Hepliaklqana
Kikubaaqudgha
Nemelex Xobeh
Okawaru
Qazlal
Ru
Sif Muna
Vehumet
Zin
The Shining One
Beogh
Jiyva

Shops:
D:2 *   D:6 [   D:7 ?   D:8 [   Orc:2 [[!?

Annotations:
D:2 1 runed translucent door, Crazy Yiuf
D:6 1 runed translucent door, OTABOTABOTAB's ghost, novice DrTm
D:12 3 runed translucent doors, Mipha's ghost, journeyman DjCj
Lair:5 1 runed translucent door
Shoals:2 Ilsuiw


Innate Abilities, Weirdness & Mutations

You are immune to sickness and miasma.
Your stone body is resilient. (AC +13)
You are immune to poison.
Your large and strong wings let you fly.
You resist negative energy. (rN+)
You are resistant to electric shocks. (rElec)
You are resistant to unholy torment.
You are immune to petrification.


Message History

You block the water elemental's attack.
You puncture Ilsuiw!
Ilsuiw is heavily wounded.
The water elemental barely misses you. Ilsuiw hits you but does no damage.
You barely miss Ilsuiw.
Ilsuiw is heavily wounded.
You block the water elemental's attack. x2; You block Ilsuiw's attack.
You miss Ilsuiw.
Ilsuiw is heavily wounded.
You block the water elemental's attack. x2
Ilsuiw hits you with a +2 trident of freezing.
You closely miss Ilsuiw.
Ilsuiw is heavily wounded.
You block the water elemental's attack. The water elemental hits you.
You closely miss Ilsuiw.
Ilsuiw is heavily wounded.
You block Ilsuiw's attack.
You block the water elemental's attack. x2
You puncture Ilsuiw!
Ilsuiw is severely wounded.
You block Ilsuiw's attack. You block the water elemental's attack.
You hit Ilsuiw.
Ilsuiw is severely wounded.
The water elemental hits you. You block Ilsuiw's attack.
You impale Ilsuiw!!
Ilsuiw is almost dead.
You block the water elemental's attack. The water elemental hits you.
You block Ilsuiw's attack.
You miss Ilsuiw.
Ilsuiw is almost dead.
You block the water elemental's attack. The water elemental barely misses you.
Ilsuiw casts a spell.
Ilsuiw blinks!
You closely miss Ilsuiw.
Ilsuiw is almost dead.
You block the water elemental's attack. x2
You impale Ilsuiw!!
Ilsuiw is almost dead.
Ilsuiw casts a spell at you. The shard of ice hits you!!! You partially resist.
You die...

≈≈≈≈≈.###.≈≈≈≈≈≈≈≈≈≈..≈≈≈≈≈≈≈≈≈≈≈
≈≈≈≈≈.##..≈≈≈≈≈≈≈≈...>≈≈≈≈≈≈≈≈≈≈≈
.≈≈≈≈....≈≈≈≈≈≈≈≈.###.≈≈≈≈≈≈≈≈≈≈≈
.≈≈≈....≈≈≈≈≈≈≈≈≈.###.≈≈≈≈≈≈≈≈≈≈≈
≈≈≈^....≈≈≈≈≈≈≈≈≈.##.≈≈≈≈≈≈≈≈≈≈≈≈
≈≈≈≈≈≈..≈≈≈≈≈≈≈≈≈)[).≈≈≈≈≈≈≈≈≈≈≈≈
≈≈≈≈)≈≈≈≈≈≈≈≈≈≈≈E≈).≈≈≈≈≈≈≈≈≈≈≈≈≈
≈≈≈≈≈≈≈≈≈≈≈≈≈≈≈EEm≈≈≈≈≈≈≈≈≈≈≈≈≈≈≈
≈m≈≈≈≈≈≈≈≈≈≈≈≈≈≈@≈≈≈≈≈≈≈≈≈≈≈≈≈≈≈≈
≈≈≈≈≈≈≈≈≈≈≈≈≈≈≈≈≈≈≈≈≈≈≈≈≈≈≈≈≈≈≈≈≈
≈≈≈≈≈≈≈≈≈≈≈≈≈≈≈≈≈≈≈≈≈≈≈≈≈≈≈≈≈≈≈≈≈
≈≈≈≈≈≈≈≈≈≈≈≈≈≈≈≈≈≈≈≈≈≈≈≈≈≈≈≈≈≈≈≈≈
≈≈≈≈≈≈≈≈≈≈≈≈≈≈≈≈≈≈≈≈≈≈≈≈≈≈≈≈≈≈≈≈≈
≈≈≈≈≈≈≈≈≈≈≈≈≈≈≈≈≈≈≈≈≈≈≈≈≈≈≈≈≈≈≈≈≈
≈≈≈≈≈≈≈≈≈≈≈≈≈≈≈≈≈≈≈≈≈≈≈≈≈≈≈≈≈≈≈≈≈
≈≈≈≈≈≈≈≈≈≈≈≈≈≈≈≈≈≈≈≈≈≈≈≈≈≈≈≈≈≈≈≈≈
≈≈≈≈≈≈≈≈≈≈≈≈≈≈≈≈≈≈≈≈≈≈≈≈≈≈≈≈≈≈≈≈≈


You could see Ilsuiw (invisible) and 3 water elementals.

Vanquished Creatures
  Nikola (Lair:3)
  Mlioglotl (Shoals:2)
  Kirke (Lair:5)
  Donald (Shoals:1)
  2 emperor scorpions
  A ghost moth (Spider:2)
  An orc warlord (Orc:1)
  5 broodmothers
  A spark wasp (Spider:4)
  8 entropy weavers
  Snorg (D:13)
  2 merfolk javelineers (Shoals:2)
  Harold (Orc:1)
  A rakshasa (D:14)
  4 boulder beetles
  A radroach (Spider:4)
  2 merfolk avatars
  4 catoblepae
  A jorogumo (Spider:3)
  An ogre mage (D:13)
  8 hydras
  2 centaur warriors
  6 two-headed ogres
  17 death yaks
  2 tengu warriors
  An orc high priest (Orc:1)
  5 skeletal warriors (D:12)
  8 pharaoh ants
  12 steelbarb worms
  A sun moth (Spider:4)
  7 orb spiders
  2 sea snakes
  5 harpies (Shoals:1)
  2 lindwurms (Volcano)
  4 orc knights
  8 deep elf pyromancers
  7 manticores
  3 deep elf zephyrmancers (D:13)
  6 ugly things
  16 wolf spiders
  An orc sorcerer (Orc:2)
  2 fauns (Shoals:1)
  A cyclops (D:8)
  6 elephants
  3 moths of wrath
  5 merfolk sirens
  A gargoyle (D:11)
  5 torpor snails
  A toenail golem (Volcano)
  A water nymph (Shoals:1)
  An unseen horror (D:11)
  2 black mambas
  A guardian serpent (D:12)
  2 molten gargoyles (Volcano)
  15 cane toads
  6 komodo dragons
  3 rime drakes
  6 demonic crawlers
  4 efreet
  2 kobold demonologists
  4 yaktaurs
  9 trolls
  A hornet (Lair:4)
  5 wind drakes (Shoals:1)
  23 tarantellas
  8 merfolk
  3 slime creatures (D:11)
  6 meliai
  Prince Ribbit (D:7)
  10 blink frogs
  Grinder (D:5)
  5 snapping turtles
  Sigmund (D:5)
  20 culicivoras
  A vampire (D:9)
  25 jumping spiders
  3 water elementals (Shoals:2)
  3 spriggans
  A shadow (D:11)
  3 fire elementals (Volcano)
  2 wraiths
  5 wyverns
  77 yaks
  2 basilisks
  2 hogs
  38 redbacks
  Menkaure (D:6)
  4 wargs
  18 water moccasins
  2 sky beasts (D:6)
  35 orc warriors
  2 black bears
  3 ice beasts
  48 wolves
  3 boggarts (D:14)
  10 ogres
  19 centaurs
  7 kobold brigands
  Blork the orc (D:6)
  2 gnoll sergeants
  10 bullfrogs
  3 earth elementals (Volcano)
  2 necrophages
  3 scorpions
  9 killer bees (D:9)
  6 electric eels
  5 howler monkeys
  3 hounds (D:8)
  A jelly (D:6)
  11 orc priests
  2 gnoll shamans
  4 iguanas
  15 orc wizards
  25 gnolls
  5 adders
  2 shadow imps (D:7)
  2 white imps
  2 ufetubi
  A worm (D:2)
  4 dart slugs
  63 orcs
  5 endoplasms
  4 giant cockroaches
  12 goblins
  11 hobgoblins
  12 jackals
  12 kobolds
  3 quokkas
  7 ball pythons
  7 bats
  2 frilled lizards (D:1)
  8 rats
  3 fire vortices (Volcano)
908 creatures vanquished.

Vanquished Creatures (others)
  A human (Lair:6)
  A redback (Spider:1)
  52 fungi
  123 plants
  A withered plant (D:6)
178 creatures vanquished.

Grand Total: 1086 creatures vanquished

Notes
Turn   | Place    | Note
-------+----------+-------------------------------------------
     0 | D:1      | Antichthon the Gargoyle Fighter began the quest for the
                  | Orb.
     0 | D:1      | Reached XP level 1. HP: 14/14 MP: 1/1
   435 | D:1      | Reached XP level 2. HP: 19/19 MP: 2/2
   652 | D:1      | Found a faded altar of an unknown god.
   682 | D:1      | Got Plato's Papyrus of Confrontation
   743 | D:1      | Reached XP level 3. HP: 23/23 MP: 3/3
  1076 | D:2      | Found a runed translucent door.
  1077 | D:2      | Noticed Crazy Yiuf
  1376 | D:2      | Reached XP level 4. HP: 28/28 MP: 4/4
  1428 | D:2      | Found Nieg's General Store.
  1443 | D:2      | Bought a scroll of teleportation for 33 gold pieces
  1443 | D:2      | Bought a scroll of identify for 22 gold pieces
  1443 | D:2      | Bought a scroll of amnesia for 38 gold pieces
  1861 | D:3      | Reached skill level 1 in Invocations
  1930 | D:3      | Reached XP level 5. HP: 33/33 MP: 5/5
  2397 | D:3      | Reached skill level 1 in Dodging
  3044 | D:4      | Reached skill level 4 in Shields
  3190 | D:4      | Reached XP level 6. HP: 34/38 MP: 7/7
  3692 | D:4      | Identified the +1 leather armour of Bieprer {rElec rC+}
  4110 | D:5      | Entered Level 5 of the Dungeon
  4184 | D:5      | Noticed Sigmund
  4192 | D:5      | Killed Sigmund
  4193 | D:5      | Reached skill level 5 in Maces & Flails
  4193 | D:5      | Reached XP level 7. HP: 43/43 MP: 8/8
  4379 | D:5      | Reached skill level 5 in Armour
  4564 | D:5      | Found a stormy altar of Qazlal.
  4692 | D:5      | Reached XP level 8. HP: 47/48 MP: 10/10
  4754 | D:5      | Noticed Grinder
  4791 | D:5      | Paralysed by Grinder for 5 turns
  4803 | D:5      | Paralysed by Grinder for 7 turns
  4813 | D:5      | Paralysed by Grinder for 6 turns
  4820 | D:5      | Killed Grinder
  4982 | D:5      | Reached skill level 5 in Fighting
  5518 | D:6      | Reached skill level 5 in Shields
  5548 | D:6      | Reached XP level 9. HP: 25/54 MP: 11/11
  5958 | D:6      | Found Ahilakho's Armour Shop.
  5969 | D:6      | Bought a +0 tower shield for 45 gold pieces
  6011 | D:6      | Found a shadowy altar of Dithmenos.
  6268 | D:6      | Noticed Blork the orc
  6271 | D:6      | Noticed Menkaure
  6275 | D:6      | Killed Blork the orc
  6279 | D:6      | Killed Menkaure
  6393 | D:6      | Found a staircase to the Ecumenical Temple.
  6434 | Temple   | Entered the Ecumenical Temple
  6444 | Temple   | Became a worshipper of the Shining One
  6502 | D:6      | Found a sacrificial altar of Ru.
  6555 | D:6      | Found a runed translucent door.
  6555 | D:6      | Noticed OTABOTABOTAB's ghost (novice DrTm)
  6658 | D:6      | Found a hazy altar of Hepliaklqana.
  6659 | D:6      | Found a sparkling altar of Nemelex Xobeh.
  6661 | D:6      | Found a snail-covered altar of Cheibriados.
  6664 | D:6      | Found an iron altar of Okawaru.
  6817 | D:7      | Noticed Prince Ribbit
  6852 | D:7      | Killed Prince Ribbit
  7040 | D:7      | Found Sutez's Magic Scroll Emporium.
  7049 | D:7      | Bought a scroll of enchant armour for 97 gold pieces
  7049 | D:7      | Bought a scroll of identify for 26 gold pieces
  7049 | D:7      | Bought a scroll of identify for 26 gold pieces
  7049 | D:7      | Bought a scroll of identify for 26 gold pieces
  7049 | D:7      | Bought a scroll of identify for 26 gold pieces
  7049 | D:7      | Bought a scroll of identify for 26 gold pieces
  8223 | D:8      | Found Okarch's Armour Shoppe.
  8237 | D:8      | Identified the +2 leather armour of Efagit Omeh {rF+ rC+
                  | Will+ rCorr}
  8260 | D:8      | Noticed a troll
  8270 | D:8      | Killed a troll
  8271 | D:8      | Reached skill level 6 in Shields
  8356 | D:8      | Reached XP level 10. HP: 53/60 MP: 13/13
  8445 | D:8      | Found a staircase to the Lair.
  8678 | D:8      | Noticed a cyclops
  8697 | D:8      | Killed a cyclops
  9048 | D:9      | Reached skill level 5 in Invocations
  9139 | D:9      | Reached * piety under the Shining One
  9159 | D:9      | Reached skill level 7 in Shields
  9545 | D:9      | Reached skill level 10 in Maces & Flails
  9715 | D:9      | Identified the +1 robe of Makkosuk {rCorr Int+6 Dex-4 SInv}
  9819 | D:9      | Noticed a two-headed ogre
  9825 | D:9      | Killed a two-headed ogre
  9826 | D:9      | Reached XP level 11. HP: 66/67 MP: 15/15
 10159 | D:10     | Entered Level 10 of the Dungeon
 10345 | D:10     | Found a glowing silver altar of Zin.
 10345 | D:10     | Found an opulent altar of Gozag.
 10456 | D:10     | Reached skill level 8 in Shields
 10503 | D:10     | Noticed a two-headed ogre
 10513 | D:10     | Killed a two-headed ogre
 10914 | D:10     | Found a staircase to the Orcish Mines.
 11275 | D:10     | Reached ** piety under the Shining One
 11492 | Lair:1   | Entered Level 1 of the Lair of Beasts
 11678 | Lair:1   | Found an ancient bone altar of Kikubaaqudgha.
 11710 | D:8      | HP: 3/68 [spriggan/+0 short sword (9)]
 12055 | Lair:1   | Reached skill level 9 in Shields
 12055 | Lair:1   | Reached XP level 12. HP: 48/74 MP: 16/16
 12236 | Lair:1   | Noticed a four-headed hydra
 12247 | Lair:1   | Killed a four-headed hydra
 12451 | Lair:1   | You fall into a shaft and drop 1 floor!
 12728 | Lair:1   | Identified the +1 ring mail of the Farrier {rC+}
 12794 | Lair:1   | Reached skill level 5 in Dodging
 13358 | Lair:2   | Found a staircase to the Shoals.
 13534 | Lair:2   | Reached skill level 10 in Shields
 14232 | Lair:3   | Noticed a four-headed hydra
 14241 | Lair:3   | Killed a four-headed hydra
 14452 | Lair:3   | Noticed a four-headed hydra
 14463 | Lair:3   | Killed a four-headed hydra
 14557 | Lair:3   | Reached XP level 13. HP: 78/80 MP: 18/18
 14834 | D:8      | Bought a scarf of resistance for 416 gold pieces
 15431 | Lair:3   | Found a hole to the Spider Nest.
 16027 | Lair:4   | Found a glowing silver altar of Zin.
 16063 | Lair:4   | Reached skill level 10 in Fighting
 16063 | Lair:4   | Reached skill level 10 in Armour
 16063 | Lair:4   | Reached skill level 11 in Shields
 16063 | Lair:4   | Gained mutation: Your large and strong wings let you fly.
                  | [Gargoyle growth]
 16063 | Lair:4   | Reached XP level 14. HP: 88/88 MP: 18/20
 16099 | Lair:4   | Identified the +5 halberd of the End of Times {antimagic,
                  | rPois Str+4}
 17685 | Lair:5   | Found a runed translucent door.
 17686 | Lair:5   | Found a viscous altar of Jiyva.
 17687 | Lair:5   | Found a staircase to the Slime Pits.
 17687 | Lair:5   | Noticed an azure jelly
 17745 | Lair:5   | Reached skill level 12 in Shields
 18269 | Lair:6   | Entered Level 6 of the Lair of Beasts
 18269 | Lair:6   | Reached *** piety under the Shining One
 18889 | Lair:6   | Noticed Kirke
 19734 | Lair:6   | Reached XP level 15. HP: 81/94 MP: 21/21
 20796 | Lair:5   | Killed Kirke
 21924 | Lair:6   | Reached skill level 13 in Shields
 22900 | Orc:1    | Entered Level 1 of the Orcish Mines
 23016 | Orc:2    | Entered Level 2 of the Orcish Mines
 23129 | Orc:1    | Found a dark tunnel.
 23328 | Volcano  | Entered a volcano
 23333 | Volcano  | Reached **** piety under the Shining One
 24810 | Orc:2    | Found a staircase to the Elven Halls.
 24862 | Orc:2    | Noticed an orc warlord
 25029 | Orc:1    | Killed an orc warlord
 25522 | Orc:2    | Reached skill level 14 in Shields
 26117 | Orc:1    | Noticed Harold
 26133 | Orc:1    | Killed Harold
 26495 | Orc:2    | Found Mutystral's Distillery.
 26495 | Orc:2    | Found Kamiriti's Armour Shoppe.
 26495 | Orc:2    | Found Jemi's Antique Armour Emporium.
 26498 | Orc:2    | Found Eneotoadod's Magic Scroll Shop.
 26502 | Orc:2    | Bought a potion of brilliance for 68 gold pieces
 26503 | Orc:2    | Bought a +0 pair of gloves of hurling for 149 gold pieces
 26923 | D:11     | Reached skill level 15 in Maces & Flails
 27362 | D:11     | Found a sparkling altar of Nemelex Xobeh.
 27566 | D:12     | Reached XP level 16. HP: 62/101 MP: 23/23
 27956 | D:12     | Reached skill level 10 in Invocations
 28006 | D:12     | Found a runed translucent gate.
 28006 | D:12     | Noticed Mipha's ghost (journeyman DjCj)
 28006 | D:12     | Reached ***** piety under the Shining One
 28007 | D:12     | Found a runed translucent gate.
 28009 | D:12     | Found a runed translucent gate.
 28011 | D:12     | Identified the +3 plate armour of the Exceptional God
                  | {Rampage rC+ Slay+5}
 29547 | D:13     | Noticed Snorg
 29580 | D:13     | Killed Snorg
 29581 | D:13     | Reached skill level 1 in Throwing
 30700 | D:13     | Found a gate to the Vaults.
 31127 | D:14     | Reached skill level 15 in Shields
 31486 | D:14     | Found a glowing silver altar of Zin.
 32256 | Spider:1 | Entered Level 1 of the Spider Nest
 32256 | Spider:1 | Noticed Nikola
 32415 | Lair:3   | Killed Nikola
 33956 | Spider:1 | Got the Tome of Lightness
 36399 | Spider:1 | Reached XP level 17. HP: 67/108 MP: 25/25
 37495 | Spider:2 | Reached ****** piety under the Shining One
 39121 | Spider:2 | Reached skill level 16 in Shields
 40609 | Spider:3 | Identified the +0 leather armour of Filigreed Satisfaction
                  | {rN+}
 41216 | Spider:4 | Entered Level 4 of the Spider Nest
 43576 | Spider:4 | Reached skill level 17 in Shields
 44071 | Spider:4 | Got a gossamer rune of Zot
 44301 | Shoals:1 | Entered Level 1 of the Shoals
 44397 | Shoals:1 | Reached XP level 18. HP: 102/116 MP: 26/26
 44846 | Shoals:1 | Noticed Donald
 44863 | Shoals:1 | Killed Donald
 45931 | Shoals:2 | Noticed Mlioglotl
 46067 | Shoals:2 | Killed Mlioglotl
 47077 | Shoals:2 | Noticed Ilsuiw
 47121 | Shoals:2 | Killed from afar by Ilsuiw

Illustrated notes

Levels and vault maps discovered:
D:1:      grunt_arrival_crossed_arrows, layout_loops_ring,
          shapermc_ecumenical_altar_rom_forum
D:2:      layout_basic, serial_shops, shop, minmay_hexomino_u4,
          uniq_crazy_yiuf_cottage
D:3:      layout_basic, minmay_misc_feat_encased, grunt_decor_fettered
D:4:      layout_basic
D:5:      layout_basic, kennysheep_mini, serial_rivers,
          chequers_serial_rivers_micro_d, chequers_serial_rivers_micro_d,
          chequers_serial_rivers_micro_d, chequers_serial_rivers_large_a,
          chequers_serial_rivers_micro_b, pf_guarded_unrand_woodcutter,
          uniq_grinder, uniq_sigmund
D:6:      layout_basic, nicolae_ru_the_path_less_chosen, minitemple,
          minmay_temple_entry_purple_smoke, serial_shops,
          nicolae_shop_advertising_works [nicolae_subvault_shop_adworks],
          gammafunk_ghost_grave, minmay_fractal_squares_diagonal_5,
          uniq_menkaure, uniq_blork_the_orc
D:7:      layout_basic, serial_shops, nicolae_shop_statue_plus,
          serial_co_window_serial, co_window_paths_a, co_window_paths_b,
          co_window_corner_a, co_window_paths_b, co_window_of_opportunity_a,
          co_window_cross_3, co_window_2corner, co_window_broadway_c,
          co_window_corner_b, co_window_unsneaky_path_e, co_window_broadway_b,
          glass_columns_b, glass_columns_c, glass_columns_c, glass_columns_a,
          glass_columns_c, kennysheep_generic_room_13, uniq_prince_ribbit1
D:8:      layout_rooms, erik_lair_island, serial_shops, kennysheep_mini_moat,
          grunt_ministairs_9
D:9:      layout_loops_cross, serial_bayou_lagoon_b
D:10:     layout_roguey, grunt_temple_overflow_gold_and_silver, erik_orc_3
D:11:     layout_basic, nemelex_spade_bored_becter
D:12:     layout_loops_cross, biasface_ghost_orc_armoury,
          nrook_guardian_serpent_ordinary
D:13:     layout_loops_ring, hangedman_vaults_entry_quadrant_bands,
          elves_outpost_lemuel, uniq_snorg
D:14:     layout_cave_pools, serial_co_window_serial, co_window_corner_a,
          co_window_of_opportunity_a, co_window_of_opportunity_a,
          co_window_paths_b, co_window_paths_a, co_window_of_opportunity_c,
          co_window_broadway_b, co_window_of_opportunity_c, co_window_2corner,
          co_window_sun, glass_columns_a, zin_angel
Temple:   nicolae_temple_god_jail
Lair:1:   wad_woods_stonehenge, layout_chaotic_city, infiniplex_staircase_pool
Lair:2:   layout_regular_city, elwin_shoals_entry_stream, minivault_11,
          grunt_megastairs_4
Lair:3:   layout_long_grid, hellmonk_spider_entry_life_and_decay,
          grunt_megastairs_1
Lair:4:   layout_regular_city, basic_altar, grunt_forest_large_clearings
Lair:5:   layout_cave_pods, slime_altar_2
Lair:6:   evilmike_catoblepas_cave, layout_cave_pods, dreamdust_gnoll_shepherd,
          grunt_megastairs_3, serial_bayou_shore_b, infiniplex_staircase_pool_2,
          uniq_kirke
Shoals:1: layout_shoals, uniq_donald
Shoals:2: layout_shoals, uniq_ilsuiw, uniq_mlioglotl
Spider:1: layout_spider_delve, uniq_nikola
Spider:2: layout_spider_delve, drop_trap, nicolae_spider_cling_halls
Spider:3: layout_spider_delve
Spider:4: hellmonk_spider_rune_bug_friends, nicolae_spider_nooks_and_crannies
Orc:1:    layout_caves, nicolae_volcano_entry_s_turn, uniq_harold
Orc:2:    st_orc_rangers, layout_caves

Skill      XL: |  1  2  3  4  5  6  7  8  9 10 11 12 13 14 15 16 17 18 |
---------------+-------------------------------------------------------+-----
Maces & Flails | 3 4 5 6 7 8 10 11 13 14 15 16 | 16.6
Invocations    | 1 2 3 4 5 6 7 8 9 10 11 | 11.6
Dodging        | 1 2 3 4 5 6 7 8 |  8.7
Armour         | 4 5 6 7 8 9 10 12 13 | 13.7
Shields        | 4 5 6 7 9 10 11 12 14 15 17 | 17.4
Fighting       | 4 5 6 7 8 9 10 11 12 13 14 | 14.1
Throwing       | 2 4 |  4.7

Action                   |  1- 3 |  4- 6 |  7- 9 | 10-12 | 13-15 | 16-18 || total
-------------------------+-------+-------+-------+-------+-------+-------++-------
Melee: Flail             |   128 |   192 |   297 |   620 |  1083 |       ||  2320
       Morningstar       |       |       |       |       |   249 |  1837 ||  2086
       Unarmed           |       |       |       |       |     6 |       ||     6
Evoke: Wand              |       |       |       |       |     4 |       ||     4
  Use: Scroll            |     5 |     6 |     4 |     3 |    15 |     8 ||    41
       Potion            |       |       |     1 |     1 |     6 |    11 ||    19
Armor: Scale mail        |    69 |    72 |       |       |       |       ||   141
       Chain mail        |       |    74 |   208 |     5 |       |       ||   287
       Plate armour      |       |       |       |   369 |   799 |  1530 ||  2698
Dodge: Dodged            |    70 |    99 |    91 |    75 |   271 |   527 ||  1133
Block: Buckler           |    26 |    53 |    41 |       |       |       ||   120
       Tower shield      |       |       |   102 |   440 |  1205 |  1980 ||  3727
       Kite shield       |       |       |       |       |       |    44 ||    44
       Reflection        |       |       |       |       |       |     5 ||     5

Table legend: (Time is in decaauts)
 A = Elapsed time spent in this place.
 B = Non-inter-level travel time spent in this place.
 C = Inter-level travel time spent in this place.
 D = Time resting spent in this place.
 E = Time spent auto-exploring this place.
 F = Levels seen in this place.
 G = Mean time per level.
                   A        B        C        D        E       F      G
               +--------+--------+--------+--------+--------+-----+--------+
         Total |  47215 |  45213 |   2002 |  11461 |  23054 |  30 | 1573.8 |
       Dungeon |  17490 |  16626 |    864 |   1258 |  11705 |  14 | 1249.3 |
        Temple |     19 |     10 |      9 |      0 |      1 |   1 |   19.0 |
          Lair |  13509 |  12825 |    684 |   3785 |   6299 |   6 | 2251.5 |
        Shoals |   2736 |   2612 |    124 |    985 |    880 |   2 | 1368.0 |
   Spider Nest |   9631 |   9348 |    283 |   4098 |   2756 |   4 | 2407.8 |
  Orcish Mines |   2926 |   2888 |     38 |    903 |   1239 |   2 | 1463.0 |
       Volcano |    901 |    901 |      0 |    431 |    174 |   1 |  901.0 |
               +--------+--------+--------+--------+--------+-----+--------+

Top non-repeatable levels by time:
  Lair:3: 3708 daAuts
Spider:2: 3489 daAuts
  Lair:5: 2987 daAuts
  Lair:6: 2691 daAuts
Spider:4: 2328 daAuts
Spider:1: 2069 daAuts
    D:13: 1878 daAuts
Spider:3: 1744 daAuts
    D:12: 1708 daAuts
Shoals:1: 1607 daAuts
   Orc:2: 1582 daAuts
    D:10: 1483 daAuts
  Lair:2: 1477 daAuts
     D:7: 1395 daAuts
     D:6: 1381 daAuts
